General information
- name: BNet
- type: Ladder team game (AT/RT)
- host: Battle.net
- saver: AQUAFLEX
map: HurricaneIsle
- players: 8
- length: 79:08
- speed: Fast
- version: 1.24 W3XP
- replay type: Public
» download(436 KB)
Players
team 1 (loser)
Ganja_Bot_9000 (
blue | 35 APM | 1783 actions | 50:51)
8 Archmage
3 Summon Water Elemental
3 Brilliance Aura
2 Blizzard
3 Paladin
2 Holy Light
1 Divine Shield
» actions
| Assign group hotkey | 37 | |
| Basic commands | 29 | |
| Build / train | 123 | |
| Enter build submenu | 31 | |
| Enter hero's abilities submenu | 11 | |
| Give item / drop item | 4 | |
| Remove unit from queue | 5 | |
| Right click | 687 | |
| Select / deselect | 575 | |
| Select group hotkey | 152 | |
| Use ability | 129 | |
1783 total
» units
| Peasant | 22 | |
| Footman | 9 | |
| Goblin Shredder | 2 | |
| Siege Engine | 11 | |
| Goblin Zeppelin | 5 | |
| Flying Machine | 16 | |
| Knight | 1 | |
| Mortar Team | 8 | |
| Rifleman | 2 | |
76 total
» upgrades
| Barrage | 1 | |
| Flak Cannons | 1 | |
| Flying Machine Bombs | 1 | |
| Gunpowder | 3 | |
| Fragmentation Shards | 1 | |
| Flare | 1 | |
| Swords | 1 | |
| Long Rifles | 1 | |
| Armor | 1 | |
11 total
» buildings
| Farm | 13 | |
| Altar of Kings | 1 | |
| Barracks | 2 | |
| Keep | 3 | |
| Blacksmith | 2 | |
| Lumber Mill | 1 | |
| Arcane Vault | 1 | |
| Castle | 2 | |
| Workshop | 4 | |
| Town Hall | 5 | |
34 total
» build order
01:06 Farm
01:36 Farm
01:40 Altar of Kings
02:16 Barracks
02:39 Farm
02:45 Keep
03:24 Blacksmith
03:26 Blacksmith
03:29 Farm
03:39 Lumber Mill
04:26 Arcane Vault
05:02 Farm
05:26 Castle
06:51 Workshop
06:53 Workshop
06:55 Workshop
07:00 Workshop
07:12 Town Hall
09:08 Farm
09:10 Farm
09:52 Farm
09:53 Farm
16:05 Farm
20:20 Farm
20:21 Farm
20:22 Farm
21:44 Town Hall
23:06 Keep
24:37 Barracks
26:55 Castle
36:03 Town Hall
44:15 Town Hall
44:18 Town Hall
48:12 Keep
» items
| Scroll of Regeneration | 4 | |
| Potion of Healing | 3 | |
| Scroll of Town Portal | 2 | |
| Lesser Clarity Potion | 2 | |
11 total
Insanity- (
purple | 83 APM | 4205 actions | 50:41)
8 Archmage
3 Summon Water Elemental
3 Brilliance Aura
1 Mass Teleport
1 Blizzard
» actions
| Assign group hotkey | 94 | |
| Basic commands | 29 | |
| Build / train | 139 | |
| ESC pressed | 14 | |
| Enter build submenu | 56 | |
| Enter hero's abilities submenu | 9 | |
| Right click | 1538 | |
| Select / deselect | 823 | |
| Select group hotkey | 1368 | |
| Use ability | 127 | |
4205 total
» units
| Peasant | 25 | |
| Goblin Shredder | 1 | |
| Flying Machine | 41 | |
| Goblin Zeppelin | 3 | |
| Gryphon Rider | 8 | |
78 total
» upgrades
| Gunpowder | 3 | |
| Lumber Harvesting | 2 | |
| Masonry | 3 | |
| Plating | 3 | |
| Flying Machine Bombs | 1 | |
| Flak Cannons | 1 | |
| Barrage | 1 | |
| Swords | 2 | |
| Armor | 2 | |
| Storm Hammers | 1 | |
19 total
» buildings
| Lumber Mill | 1 | |
| Farm | 11 | |
| Altar of Kings | 1 | |
| Scout Tower | 40 | |
| Keep | 2 | |
| Guard Tower | 25 | |
| Arcane Tower | 1 | |
| Blacksmith | 1 | |
| Town Hall | 3 | |
| Castle | 1 | |
| Workshop | 4 | |
| Gryphon Aviary | 3 | |
| Arcane Vault | 1 | |
94 total
» build order
00:17 Lumber Mill
00:24 Farm
00:52 Altar of Kings
02:02 Scout Tower
02:05 Scout Tower
02:22 Keep
02:35 Farm
02:36 Guard Tower
02:38 Arcane Tower
02:55 Blacksmith
05:25 Scout Tower
05:42 Town Hall
05:49 Scout Tower
05:54 Guard Tower
05:56 Scout Tower
06:05 Farm
06:17 Guard Tower
06:23 Scout Tower
06:25 Guard Tower
06:52 Scout Tower
06:57 Castle
07:00 Guard Tower
07:26 Guard Tower
07:40 Workshop
07:42 Workshop
07:45 Workshop
08:09 Scout Tower
08:59 Farm
09:02 Guard Tower
09:53 Scout Tower
09:56 Scout Tower
09:59 Farm
10:51 Farm
11:51 Farm
13:12 Guard Tower
13:14 Scout Tower
13:15 Scout Tower
13:20 Scout Tower
14:00 Farm
14:03 Workshop
14:52 Guard Tower
14:53 Guard Tower
14:58 Scout Tower
15:00 Scout Tower
15:03 Scout Tower
15:28 Guard Tower
15:29 Guard Tower
15:32 Guard Tower
15:35 Scout Tower
15:37 Scout Tower
15:39 Scout Tower
15:45 Scout Tower
15:49 Scout Tower
15:50 Scout Tower
15:51 Scout Tower
15:52 Scout Tower
15:53 Scout Tower
15:54 Scout Tower
16:08 Guard Tower
16:11 Keep
17:12 Guard Tower
17:15 Scout Tower
17:16 Scout Tower
17:17 Scout Tower
17:17 Scout Tower
17:25 Guard Tower
18:19 Guard Tower
18:43 Guard Tower
19:19 Guard Tower
19:24 Scout Tower
19:25 Scout Tower
19:27 Scout Tower
19:28 Scout Tower
19:29 Scout Tower
19:31 Scout Tower
19:38 Guard Tower
21:02 Guard Tower
22:24 Guard Tower
22:31 Gryphon Aviary
22:33 Gryphon Aviary
22:36 Gryphon Aviary
22:39 Guard Tower
24:00 Farm
24:02 Farm
24:03 Farm
24:11 Arcane Vault
28:34 Town Hall
31:12 Scout Tower
31:14 Scout Tower
31:29 Scout Tower
31:55 Town Hall
32:07 Guard Tower
32:08 Scout Tower
33:25 Guard Tower
» items
| Scroll of Town Portal | 1 | |
| Orb of Fire | 1 | |
| Scroll of Regeneration | 1 | |
| Potion of Healing | 1 | |
4 total
nimzilla (
green | 41 APM | 3241 actions | 79:06)
6 Archmage
2 Summon Water Elemental
2 Blizzard
1 Brilliance Aura
1 Mass Teleport
7 Paladin
1 Holy Light
2 Divine Shield
3 Devotion Aura
1 Resurrection
» actions
| Assign group hotkey | 5 | |
| Basic commands | 245 | |
| Build / train | 152 | |
| ESC pressed | 16 | |
| Enter build submenu | 41 | |
| Enter hero's abilities submenu | 13 | |
| Give item / drop item | 2 | |
| Remove unit from queue | 2 | |
| Right click | 904 | |
| Select / deselect | 1595 | |
| Select group hotkey | 28 | |
| Use ability | 212 | |
3241 total
» units
| Peasant | 33 | |
| Goblin Shredder | 1 | |
| Footman | 5 | |
| Goblin Zeppelin | 12 | |
| Priest | 9 | |
| Rifleman | 2 | |
| Sorceress | 3 | |
| Knight | 10 | |
| Siege Engine | 8 | |
| Dragonhawk Rider | 1 | |
| Gryphon Rider | 8 | |
| Spell Breaker | 1 | |
| Mortar Team | 2 | |
95 total
» upgrades
| Lumber Harvesting | 2 | |
| Long Rifles | 1 | |
| Plating | 3 | |
| Armor | 3 | |
| Priest Training | 2 | |
| Barrage | 1 | |
| Sorceress Training | 2 | |
| Swords | 3 | |
| Gunpowder | 3 | |
| Flare | 1 | |
| Masonry | 1 | |
| Cloud | 1 | |
| Storm Hammers | 1 | |
| Fragmentation Shards | 1 | |
| Control Magic | 1 | |
| Animal War Training | 1 | |
27 total
» buildings
| Altar of Kings | 1 | |
| Farm | 13 | |
| Town Hall | 6 | |
| Keep | 2 | |
| Barracks | 2 | |
| Scout Tower | 9 | |
| Lumber Mill | 1 | |
| Guard Tower | 7 | |
| Castle | 1 | |
| Arcane Sanctum | 2 | |
| Blacksmith | 1 | |
| Workshop | 2 | |
| Arcane Vault | 1 | |
| Gryphon Aviary | 2 | |
50 total
» build order
00:10 Altar of Kings
00:13 Farm
01:34 Farm
03:32 Town Hall
03:48 Farm
05:21 Keep
06:03 Barracks
06:10 Scout Tower
06:15 Scout Tower
06:31 Barracks
06:46 Scout Tower
06:51 Lumber Mill
07:43 Guard Tower
07:46 Guard Tower
07:47 Guard Tower
07:52 Farm
08:01 Farm
08:23 Farm
08:25 Castle
08:33 Arcane Sanctum
09:02 Farm
09:09 Scout Tower
09:17 Blacksmith
09:41 Farm
09:50 Guard Tower
09:53 Farm
10:03 Arcane Sanctum
10:47 Farm
10:48 Farm
10:58 Workshop
11:31 Workshop
12:45 Farm
12:46 Farm
14:55 Scout Tower
15:36 Guard Tower
15:42 Town Hall
17:15 Town Hall
19:43 Scout Tower
20:30 Guard Tower
21:04 Arcane Vault
23:06 Gryphon Aviary
24:28 Gryphon Aviary
25:08 Scout Tower
31:12 Keep
38:56 Scout Tower
39:43 Guard Tower
39:56 Scout Tower
43:03 Town Hall
44:26 Town Hall
48:58 Town Hall
» items
Apples (
yellow | 34 APM | 1780 actions | 52:25)
4 Priestess of the Moon
2 Trueshot Aura
1 Scout
1 Searing Arrows
» actions
| Assign group hotkey | 33 | |
| Basic commands | 144 | |
| Build / train | 114 | |
| ESC pressed | 19 | |
| Enter build submenu | 49 | |
| Enter hero's abilities submenu | 4 | |
| Remove unit from queue | 1 | |
| Right click | 565 | |
| Select / deselect | 485 | |
| Select group hotkey | 294 | |
| Use ability | 72 | |
1780 total
» units
| Wisp | 33 | |
| Archer | 27 | |
| Hippogryph | 9 | |
| Glaive Thrower | 1 | |
| Druid of the Talon | 7 | |
| Chimaera | 12 | |
| Goblin Zeppelin | 1 | |
90 total
» upgrades
| Strength of the Moon | 3 | |
| Moon Armor | 3 | |
| Hippogryph Taming | 1 | |
| Improved Bows | 1 | |
| Druid of the Talon Training | 1 | |
| Strength of the Wild | 2 | |
| Reinforced Hides | 2 | |
| Corrosive Breath | 1 | |
14 total
» buildings
| Altar of Elders | 1 | |
| Moon Well | 11 | |
| Ancient of War | 1 | |
| Hunter's Hall | 2 | |
| Tree of Ages | 2 | |
| Ancient of Wind | 2 | |
| Tree of Life | 3 | |
| Tree of Eternity | 2 | |
| Chimaera Roost | 5 | |
| Ancient Protector | 15 | |
44 total
» build order
00:09 Altar of Elders
00:34 Moon Well
01:17 Ancient of War
01:29 Moon Well
02:10 Hunter's Hall
02:32 Moon Well
03:51 Tree of Ages
04:09 Moon Well
05:04 Moon Well
06:01 Moon Well
06:23 Ancient of Wind
06:26 Ancient of Wind
07:21 Moon Well
10:15 Tree of Life
10:49 Moon Well
13:47 Tree of Eternity
16:18 Chimaera Roost
16:30 Chimaera Roost
17:28 Ancient Protector
17:43 Ancient Protector
17:46 Ancient Protector
17:55 Ancient Protector
17:58 Ancient Protector
18:00 Ancient Protector
18:04 Ancient Protector
18:06 Ancient Protector
18:26 Ancient Protector
18:42 Ancient Protector
18:50 Ancient Protector
18:54 Ancient Protector
18:56 Ancient Protector
18:59 Ancient Protector
19:02 Ancient Protector
19:39 Tree of Ages
20:10 Tree of Life
20:18 Hunter's Hall
22:01 Tree of Eternity
23:33 Moon Well
23:34 Moon Well
24:27 Chimaera Roost
24:30 Chimaera Roost
27:38 Chimaera Roost
30:52 Moon Well
35:12 Tree of Life
team 2 (winner)
Brandon92 (
red | 38 APM | 3035 actions | 79:07)
8 Blademaster
3 Critical Strike
3 Wind Walk
1 Bladestorm
1 Mirror Image
6 Far Seer
2 Feral Spirit
3 Chain Lighting
1 Earth Quake
1 Firelord
1 Summon Lava Spawn
» actions
| Assign group hotkey | 7 | |
| Build / train | 140 | |
| Enter build submenu | 52 | |
| Enter hero's abilities submenu | 15 | |
| Give item / drop item | 4 | |
| Remove unit from queue | 6 | |
| Right click | 1420 | |
| Select / deselect | 876 | |
| Select group hotkey | 317 | |
| Use ability | 198 | |
3035 total
» units
| Peon | 19 | |
| Grunt | 5 | |
| Goblin Shredder | 1 | |
| Troll Batrider | 53 | |
| Goblin Zeppelin | 2 | |
| Wind Rider | 1 | |
| Raider | 7 | |
| Tauren | 3 | |
| Shaman | 3 | |
94 total
» upgrades
| Ranged Weapons | 3 | |
| Liquid Fire | 1 | |
| Envenomed Spears | 1 | |
| Armor | 1 | |
| Ensnare | 1 | |
| Melee Weapons | 2 | |
| Spiked Barricades | 0 | |
| Reinforced Defenses | 1 | |
| Pillage | 1 | |
| Pulverize | 1 | |
| Shaman Training | 2 | |
14 total
» buildings
| Orc Burrow | 11 | |
| Altar of Storms | 2 | |
| Barracks | 1 | |
| War Mill | 1 | |
| Stronghold | 1 | |
| Voodoo Lounge | 2 | |
| Fortress | 1 | |
| Beastiary | 5 | |
| Great Hall | 1 | |
| Watch Tower | 21 | |
| Tauren Totem | 2 | |
| Spirit Lodge | 1 | |
49 total
» build order
00:05 Orc Burrow
00:09 Altar of Storms
01:26 Barracks
01:44 Orc Burrow
02:26 War Mill
02:40 Stronghold
03:14 Orc Burrow
04:41 Voodoo Lounge
05:01 Fortress
05:12 Beastiary
05:40 Beastiary
05:53 Orc Burrow
09:09 Great Hall
09:25 Orc Burrow
10:45 Orc Burrow
11:06 Watch Tower
18:02 Watch Tower
18:07 Watch Tower
18:10 Watch Tower
18:55 Watch Tower
19:06 Orc Burrow
19:13 Watch Tower
19:59 Orc Burrow
22:11 Watch Tower
22:14 Watch Tower
22:18 Watch Tower
23:01 Orc Burrow
24:25 Watch Tower
24:30 Watch Tower
24:35 Watch Tower
26:01 Orc Burrow
26:04 Watch Tower
26:09 Watch Tower
27:36 Watch Tower
27:40 Watch Tower
27:44 Watch Tower
36:15 Beastiary
67:58 Beastiary
68:01 Beastiary
69:10 Altar of Storms
69:19 Voodoo Lounge
69:32 Tauren Totem
70:15 Tauren Totem
70:28 Orc Burrow
70:33 Spirit Lodge
71:31 Watch Tower
71:36 Watch Tower
73:39 Watch Tower
73:44 Watch Tower
» items
| Healing Salve | 2 | |
| Orb of Lightning | 1 | |
| Potion of Mana | 1 | |
| Tiny Great Hall | 4 | |
| Scroll of Town Portal | 1 | |
9 total
AQUAFLEX (
orange | 62 APM | 4913 actions | 79:08)
10 Keeper of the Grove
3 Entangling Roots
3 Force of Nature
1 Tranquility
3 Thorns Aura
10 Priestess of the Moon
3 Searing Arrows
3 Trueshot Aura
1 Starfall
3 Scout
4 Dark Ranger
2 Black Arrow
2 Silence
» actions
| Assign group hotkey | 25 | |
| Basic commands | 61 | |
| Build / train | 174 | |
| ESC pressed | 9 | |
| Enter build submenu | 67 | |
| Enter hero's abilities submenu | 26 | |
| Give item / drop item | 1 | |
| Right click | 2191 | |
| Select / deselect | 1204 | |
| Select group hotkey | 897 | |
| Use ability | 257 | |
4913 total
» units
| Wisp | 68 | |
| Archer | 16 | |
| Goblin Zeppelin | 5 | |
| Goblin Shredder | 1 | |
| Druid of the Talon | 2 | |
| Druid of the Claw | 2 | |
| Dryad | 1 | |
| Chimaera | 6 | |
| Hippogryph | 5 | |
| Glaive Thrower | 2 | |
108 total
» upgrades
| Improved Bows | 1 | |
| Nature's Blessing | 1 | |
| Hippogryph Taming | 1 | |
| Druid of the Talon Training | 2 | |
| Abolish Magic | 1 | |
| Druid of the Claw Training | 2 | |
| Strength of the Wild | 3 | |
| Reinforced Hides | 3 | |
| Ultravision | 1 | |
| Well Spring | 1 | |
| Strength of the Moon | 3 | |
| Corrosive Breath | 1 | |
| Moon Armor | 3 | |
| Vorpal Blades | 1 | |
24 total
» buildings
| Moon Well | 8 | |
| Altar of Elders | 1 | |
| Ancient of War | 1 | |
| Ancient of Wonders | 3 | |
| Tree of Ages | 3 | |
| Hunter's Hall | 1 | |
| Tree of Life | 10 | |
| Tree of Eternity | 1 | |
| Ancient Protector | 34 | |
| Ancient of Lore | 2 | |
| Ancient of Wind | 3 | |
| Chimaera Roost | 2 | |
69 total
» build order
00:11 Moon Well
00:17 Altar of Elders
00:45 Ancient of War
01:36 Moon Well
01:44 Ancient of Wonders
02:30 Moon Well
03:51 Tree of Ages
03:52 Tree of Ages
03:52 Tree of Ages
04:40 Hunter's Hall
05:51 Tree of Life
06:00 Moon Well
06:44 Moon Well
07:01 Moon Well
07:45 Tree of Eternity
11:07 Ancient Protector
11:15 Ancient Protector
11:19 Ancient Protector
11:23 Ancient Protector
11:25 Ancient Protector
11:29 Ancient Protector
11:35 Ancient Protector
11:40 Ancient of Lore
11:42 Ancient of Lore
11:44 Ancient of Wind
11:47 Ancient of Wind
11:53 Ancient Protector
11:57 Ancient Protector
11:59 Ancient Protector
12:02 Ancient Protector
12:04 Ancient Protector
12:09 Ancient Protector
14:58 Tree of Life
16:51 Tree of Life
17:25 Ancient Protector
19:12 Ancient Protector
19:18 Ancient Protector
21:19 Chimaera Roost
21:52 Ancient of Wind
22:34 Chimaera Roost
24:32 Moon Well
24:34 Moon Well
24:46 Tree of Life
39:08 Tree of Life
40:44 Ancient Protector
40:47 Ancient Protector
41:04 Ancient Protector
41:48 Tree of Life
45:08 Ancient Protector
45:24 Ancient Protector
45:45 Ancient Protector
45:48 Ancient Protector
46:20 Tree of Life
46:34 Ancient Protector
52:19 Tree of Life
52:21 Ancient Protector
52:26 Ancient Protector
54:07 Ancient Protector
54:43 Ancient Protector
55:04 Tree of Life
55:09 Ancient Protector
55:12 Ancient Protector
55:15 Ancient Protector
56:18 Ancient Protector
62:25 Tree of Life
62:50 Ancient of Wonders
62:53 Ancient of Wonders
63:01 Ancient Protector
63:04 Ancient Protector
» items
monkey.face (
teal | 54 APM | 1577 actions | 29:17)
7 Blademaster
3 Wind Walk
3 Critical Strike
1 Bladestorm
» actions
| Assign group hotkey | 16 | |
| Basic commands | 204 | |
| Build / train | 65 | |
| Enter build submenu | 23 | |
| Enter hero's abilities submenu | 7 | |
| Give item / drop item | 3 | |
| Remove unit from queue | 2 | |
| Right click | 502 | |
| Select / deselect | 314 | |
| Select group hotkey | 352 | |
| Use ability | 89 | |
1577 total
» units
| Peon | 8 | |
| Goblin Shredder | 1 | |
| Wind Rider | 10 | |
| Goblin Zeppelin | 1 | |
| Troll Batrider | 7 | |
| Raider | 4 | |
31 total
» upgrades
| Armor | 3 | |
| Ranged Weapons | 3 | |
| Envenomed Spears | 1 | |
| Reinforced Defenses | 1 | |
| Pillage | 1 | |
| Ensnare | 1 | |
| Melee Weapons | 1 | |
11 total
» buildings
| Stronghold | 1 | |
| Orc Burrow | 8 | |
| Altar of Storms | 1 | |
| War Mill | 2 | |
| Fortress | 1 | |
| Beastiary | 2 | |
| Voodoo Lounge | 3 | |
| Great Hall | 2 | |
| Watch Tower | 2 | |
22 total
» build order
01:20 Stronghold
01:26 Orc Burrow
01:41 Altar of Storms
01:50 War Mill
02:26 Orc Burrow
04:44 Fortress
04:50 Beastiary
04:57 Orc Burrow
06:58 Beastiary
07:15 Voodoo Lounge
07:17 Voodoo Lounge
07:40 Orc Burrow
08:10 Orc Burrow
12:48 Great Hall
14:27 Watch Tower
14:29 Orc Burrow
14:30 Orc Burrow
15:47 Watch Tower
22:17 Voodoo Lounge
22:24 War Mill
22:45 Great Hall
29:00 Orc Burrow
» items
| Orb of Lightning | 1 | |
| Healing Salve | 5 | |
| Lesser Clarity Potion | 2 | |
| Scroll of Town Portal | 2 | |
| Potion of Healing | 1 | |
11 total

»
CanadaSucks (
pink | 35 APM | 2742 actions | 79:07)
10 Shadow Hunter
3 Healing Wave
3 Serpent Ward
1 Big Bad Voodoo
3 Hex
4 Dark Ranger
2 Black Arrow
2 Life Drain
4 Naga Sea Witch
2 Frost Arrows
2 Mana Shield
» actions
| Assign group hotkey | 38 | |
| Basic commands | 53 | |
| Build / train | 109 | |
| ESC pressed | 4 | |
| Enter build submenu | 73 | |
| Enter hero's abilities submenu | 18 | |
| Give item / drop item | 4 | |
| Right click | 801 | |
| Select / deselect | 824 | |
| Select group hotkey | 572 | |
| Use ability | 243 | |
2742 total
» units
| Peon | 15 | |
| Goblin Shredder | 1 | |
| Wind Rider | 14 | |
| Raider | 8 | |
| Goblin Zeppelin | 2 | |
| Troll Batrider | 22 | |
| Kodo Beast | 1 | |
63 total
» upgrades
| Ranged Weapons | 3 | |
| Armor | 3 | |
| Spiked Barricades | 2 | |
| Envenomed Spears | 1 | |
| Melee Weapons | 1 | |
| Ensnare | 1 | |
| Pillage | 1 | |
| Backpack | 1 | |
| Reinforced Defenses | 1 | |
| Liquid Fire | 1 | |
15 total
» buildings
| Orc Burrow | 14 | |
| War Mill | 1 | |
| Stronghold | 3 | |
| Altar of Storms | 2 | |
| Beastiary | 5 | |
| Fortress | 2 | |
| Voodoo Lounge | 3 | |
| Great Hall | 6 | |
| Watch Tower | 48 | |
84 total
» build order
00:14 Orc Burrow
01:18 War Mill
02:32 Stronghold
02:47 Altar of Storms
03:35 Orc Burrow
04:55 Beastiary
04:56 Beastiary
05:07 Orc Burrow
06:53 Orc Burrow
07:33 Fortress
08:19 Orc Burrow
08:32 Voodoo Lounge
09:51 Great Hall
11:30 Orc Burrow
12:04 Watch Tower
12:06 Watch Tower
12:08 Watch Tower
12:11 Watch Tower
13:14 Watch Tower
13:16 Watch Tower
13:18 Watch Tower
13:42 Watch Tower
13:43 Watch Tower
13:46 Watch Tower
16:16 Great Hall
19:08 Orc Burrow
20:00 Orc Burrow
20:07 Watch Tower
22:22 Orc Burrow
22:27 Watch Tower
23:28 Stronghold
26:27 Voodoo Lounge
26:50 Watch Tower
26:57 Watch Tower
27:03 Watch Tower
27:25 Orc Burrow
28:02 Watch Tower
28:34 Watch Tower
29:11 Watch Tower
29:16 Watch Tower
31:07 Great Hall
31:37 Great Hall
32:39 Watch Tower
39:42 Orc Burrow
39:44 Orc Burrow
57:15 Great Hall
58:30 Watch Tower
58:32 Watch Tower
58:38 Watch Tower
58:43 Watch Tower
62:00 Great Hall
62:42 Altar of Storms
63:03 Stronghold
63:06 Watch Tower
63:49 Voodoo Lounge
64:17 Watch Tower
64:40 Watch Tower
64:42 Watch Tower
64:45 Watch Tower
64:48 Watch Tower
64:56 Watch Tower
64:59 Watch Tower
65:09 Watch Tower
65:29 Watch Tower
65:34 Watch Tower
66:06 Beastiary
66:11 Beastiary
66:24 Beastiary
66:26 Watch Tower
66:27 Watch Tower
66:29 Watch Tower
66:38 Watch Tower
66:43 Watch Tower
68:14 Fortress
68:28 Watch Tower
68:30 Watch Tower
68:31 Watch Tower
68:32 Watch Tower
68:40 Watch Tower
69:38 Orc Burrow
70:43 Watch Tower
72:26 Orc Burrow
73:23 Watch Tower
76:09 Watch Tower
» items
| Boots of Speed | 1 | |
| Robe of the Magi +6 | 1 | |
| The Lion Horn of Stormwind | 1 | |
| Boots of Quel'Thalas +6 | 1 | |
4 total
Chat log
(00:16 / Allies) Brandon92: fuck this map!
(00:54 / Allies) Brandon92: well...
(00:56 / Allies) Brandon92: units guys?
(01:01 / Allies) AQUAFLEX: air
(01:03 / Allies) monkey.face: wyns
(01:12 / Allies) Brandon92: ill get bats then
(01:50 / All) CanadaSucks: im tower rushing
(01:54 / All) Insanity-: k
(01:55 / All) Ganja_Bot_9000: lol o noes
(02:00 / Allies) Brandon92: how u gonna do that?
(02:04 / Allies) Brandon92: and u typed in all
(02:10 / Allies) CanadaSucks: smart guy
(02:14 / Allies) Brandon92: o nvm
(13:31 / Allies) Brandon92: o wow
(15:50 / Allies) CanadaSucks: 100 gold pls
(20:44 / Allies) monkey.face: entangle him
(21:20 / All) Brandon92: i hate this map...
(21:45 / Allies) CanadaSucks: orc is kind of outmatched for air anyway
(21:48 / Allies) CanadaSucks: and we got 3
(21:50 / Allies) Brandon92: yeah
(21:59 / Allies) Brandon92: that's why i said fuck this map
(23:26 / Allies) Brandon92: orange why dont u get hipps dryads and chimeara?
(23:58 / Allies) Brandon92: i cant go
(24:02 / Allies) Brandon92: im scarce on money
(26:07 / Allies) CanadaSucks: how are we gonna take out flying machines anyway
(26:10 / Allies) CanadaSucks: headhunters? lol
(26:12 / Allies) Brandon92: bats
(26:20 / Allies) Brandon92: explosion hurts them
(26:37 / All) Ganja_Bot_9000: yeah fuck u teal
(26:57 / All) monkey.face: cool
(28:05 / All) Brandon92: lol wow
(28:50 / Allies) Brandon92: what a gay way to lose....especially on this map...
(29:50 / Allies) Brandon92: net
(30:09 / All) Brandon92: what a perfect map to be orc...
(30:17 / All) Ganja_Bot_9000: not to bad...
(30:24 / All) Ganja_Bot_9000: human just rape
(30:36 / All) Brandon92: lol tanks and copters own air and raiders arent much
(31:48 / All) CanadaSucks: I HATE YOU JOSH I JUST WANT TO BE A TEEN WEREWOLF
(33:11 / All) Brandon92: u forgot ur paladin
(33:25 / All) Brandon92: wth
(33:27 / All) Brandon92: i was in windwalk
(33:35 / All) Insanity-: gyros see invis
(37:56 / Allies) CanadaSucks: gold pls
(38:58 / All) Brandon92: lol =) u go nowhere
(40:26 / Allies) CanadaSucks: gold pls
(40:38 / Allies) Brandon92: that's all i have
(42:25 / Allies) Brandon92: pink buy a fly thingy
(42:28 / Allies) Brandon92: and travel with us
(44:26 / Allies) Brandon92: blue will head there
(47:47 / Allies) Brandon92: wait
(48:01 / Allies) Brandon92: ill take out copters with my bats
(48:16 / All) CanadaSucks: lazy FUCKS
(48:37 / Allies) Brandon92: fly faster stupid bats
(49:07 / Allies) CanadaSucks: i could use gold for a hall
(50:46 / Allies) CanadaSucks: huh!?
(50:50 / All) Ganja_Bot_9000: gg
(50:54 / All) CanadaSucks: FAGGOTS
(51:00 / All) Brandon92: bats owned copters =)
(51:04 / All) Brandon92: yay for kamikaze
(52:41 / All) Brandon92: i cant believe we win
(52:49 / All) Brandon92: well thx to orange
(53:49 / All) nimzilla: well now u win
(55:50 / All) Brandon92: no u ass!
(56:05 / All) Brandon92: damn archmage
(56:26 / Allies) Brandon92: can i have 400g orange?
(56:40 / Allies) Brandon92: thx
(57:03 / Allies) CanadaSucks: can I have 3k
(57:17 / Allies) Brandon92: that's all his gold
(57:20 / All) nimzilla: i had some chims???
(59:51 / All) Brandon92: just give up green, plz?
(60:04 / All) CanadaSucks: that would make him a quitter!
(61:09 / All) nimzilla: u cannot win
(61:23 / All) Brandon92: yeah we can....
(61:28 / All) Brandon92: orange is rich
(64:28 / All) Brandon92: no
(66:58 / All) nimzilla: a ploy?
(68:52 / All) nimzilla: o I didn't even notice that archmage
(72:33 / Allies) Brandon92: can i have some lumber orange?
(72:45 / Allies) Brandon92: thanks
(72:55 / All) nimzilla: just attack me already
(75:09 / Allies) Brandon92: gold?
(77:18 / All) nimzilla: ha ha got tp now
(77:21 / All) nimzilla: thanks
(77:32 / All) Brandon92: that's nice
(77:39 / All) Brandon92: too bad ur bout to die